 Dungeon Crawl Stone Soup version 0.29.1-4-g47bece8355 (webtiles) character file.

Game seed: 13370112443284566688

538 concernfroge the Fighter (level 7, -1/62 HPs)
             Began as a Mummy Monk on Dec 4, 2022.
             Was an Initiate of Gozag.
             Slain by a gnoll sergeant
             ... wielding a +0 spear
              (7 damage)
             ... on level 6 of the Dungeon.
             The game lasted 00:10:36 (4801 turns).

concernfroge the Fighter (Mummy Monk)               Turns: 4801, Time: 00:10:37

Health: -1/62      AC: 11    Str: 17    XL:     7   Next: 5%
Magic:  7/7        EV:  8    Int: 12    God:    Gozag
Gold:   160        SH:  0    Dex: 26    Spells: 6/6 levels left

rFire   x . .      SeeInvis .   i - +0 dire flail
rCold   + . .      Faith    .   (shield currently unavailable)
rNeg    + + +      Spirit   .   k - +1 chain mail
rPois   ∞          Reflect  .   c - +0 helmet {Int+3}
rElec   .          Harm     .   (no cloak)
rCorr   .          Rampage  .   l - +0 pair of gloves
Will    .....                   (no boots)
Stlth   ..........              (no amulet)
HPRegen 0.20/turn               g - +6 ring of dexterity
MPRegen 0.10/turn               d - +6 ring of dexterity

@: gold aura
A: cold resistance 1, negative energy resistance 3, torment resistance 2, heat
vulnerability 1, in touch with death 1, no potions
a: Renounce Religion, Potion Petition, Call Merchant, Bribe Branch


You were on level 6 of the Dungeon.
You worshipped Gozag.
Gozag was aware of your devotion.
You visited 2 branches of the dungeon, and saw 7 of its levels.

You collected 209 gold pieces.
You spent 49 gold pieces at shops.

Inventory:

Hand Weapons
 i - a +0 dire flail (weapon)
Missiles
 j - 2 boomerangs (quivered)
Armour
 c - a +0 helmet of intelligence (worn)
 k - a +1 chain mail (worn)
 l - a +0 pair of gloves (worn)
Jewellery
 d - a +6 ring of dexterity (right hand)
 g - a +6 ring of dexterity (left hand)
Scrolls
 a - a scroll of identify
 e - a scroll of butterflies


   Skills:
 + Level 8.1 Fighting
 - Level 2.4 Polearms
 - Level 2.4 Dodging
 - Level 1.5 Stealth


You had 6 spell levels left.
You didn't know any spells.
Your spell library contained the following spells:

 Spells                   Type           Power      Damage    Failure   Level
 Call Canine Familiar     Summ           0%         N/A       100%        3
 Portal Projectile        Hex/Tloc       0%         N/A       100%        3
 Tukima's Dance           Hex            0%         N/A       100%        3
 Leda's Liquefaction      Hex/Erth       0%         N/A       100%        4
 Passage of Golubria      Tloc           0%         N/A       100%        4
 Silence                  Hex/Air        0%         N/A       100%        5
 Lehudib's Crystal Spear  Conj/Erth      0%         10d2      100%        8
 Blade Hands              Tmut           Unusable   N/A       N/A         5

Dungeon Overview and Level Annotations

Branches:
Dungeon (6/15)             Temple (1/1) D:4

Altars:
Cheibriados
Dithmenos
Fedhas
Gozag
Kikubaaqudgha
Makhleb
Okawaru
Qazlal
Ru
Sif Muna
Trog
Uskayaw
Xom
Yredelemnul

Shops:
D:1 [

Annotations:
D:5 Prince Ribbit


Innate Abilities, Weirdness & Mutations

You are immune to poison.
Your flesh is cold resistant. (rC+)
You are immune to negative energy. (rN+++)
You are immune to unholy pain and torment.
You are vulnerable to heat. (rF-)
You are in touch with the powers of death.
You do not drink.


Message History

The gnoll hits you from afar with a +0 halberd.
A wight comes into view. It is wielding a +0 short sword.
A bullfrog comes into view.
A wight comes into view. It is wielding a +3 spear.
As you read the scroll of fear, it crumbles to dust.
You assume a fearsome visage.
The wight is unaffected. x3
The gnoll looks frightened! x4; The bullfrog looks frightened!
You hit the wight but do no damage.
A scorpion comes into view.
Cornered, the gnoll turns to fight! x2; The wight hits you but does no damage.
You hit the wight.
The wight is lightly damaged.
The gnoll barely misses you.
A wight comes into view. It is wielding a +0 scimitar.
The wight barely misses you.
You thump the wight!
You destroy the wight!
Cornered, the gnoll turns to fight!
An adder comes into view.
The wight hits you but does no damage.
Your Fighting skill increases to level 8!
You have reached level 7!
The adder hisses angrily.
You hit the wight but do no damage.
The wight hits you from afar with a +3 spear.
The wight hits you with a +0 short sword!
* * * LOW HITPOINT WARNING * * *
The gnoll sergeant hits you from afar with a +0 spear.
* * * LOW HITPOINT WARNING * * *
You hit the wight but do no damage. The wight hits you but does no damage.
Cornered, the gnoll turns to fight!
The wight hits you but does no damage.
The gnoll sergeant hits you but does no damage.
You closely miss the wight. The wight hits you but does no damage.
The gnoll sergeant barely misses you. The wight hits you but does no damage.
You sock the wight!
The wight is severely damaged.
The wight barely misses you.
The gnoll sergeant hits you from afar with a +0 spear!
You die...
Your body crumbles into a pile of gold.

# # # . .. # ######.#
#.## # ...... ... $ $ #
#... # #.#
###.####.###.#
)).......#.gg########...
###....###(##gg.@zzsSz.#
###<...#
#g##g#######...$
.#########.g#.# .#
#......#g#
.#####.##...g.#
.......##...###
#########...# .....#
#.#.#.#


You could see a gnoll sergeant, a scorpion, 3 wights, 4 gnolls and an adder.

Vanquished Creatures
  A black bear (D:4)
  A scorpion (D:5)
  A wight (D:6)
  A hound (D:4)
  An orc priest (D:6)
  An iguana (D:5)
  Natasha (thrice) (D:2)
  An orc wizard (D:6)
  4 gnolls
  3 adders
  An ufetubus (D:4)
  2 worms (D:3)
  6 orcs
  6 ball pythons
  8 endoplasms
  8 goblins
  9 hobgoblins
  2 quokkas (D:1)
  7 bats
  3 frilled lizards
  7 kobolds
  6 rats
82 creatures vanquished.

Vanquished Creatures (others)
  6 fungi (D:4)
  13 plants (D:2)
19 creatures vanquished.

Grand Total: 101 creatures vanquished

Notes
Turn   | Place    | Note
-------+----------+-------------------------------------------
     0 | D:1      | concernfroge the Mummy Monk began the quest for the Orb.
     0 | D:1      | Reached XP level 1. HP: 18/18 MP: 1/1
   366 | D:1      | Reached XP level 2. HP: 23/24 MP: 2/2
   730 | D:1      | Reached skill level 4 in Fighting
   816 | D:1      | Found Docacurph's Armour Shop.
  1272 | D:2      | Noticed Natasha
  1282 | D:2      | Noticed a crimson imp
  1284 | D:2      | Noticed a crimson imp
  1507 | D:3      | Gained mutation: You are in touch with the powers of death.
                  | [Mummy growth]
  1507 | D:3      | Reached XP level 3. HP: 30/30 MP: 3/3
  2395 | D:2      | Killed Natasha
  2396 | D:2      | Reached skill level 5 in Fighting
  2396 | D:2      | Reached XP level 4. HP: 26/39 MP: 4/4
  2935 | D:2      | Noticed Natasha
  2940 | D:2      | Killed Natasha
  3142 | D:2      | Noticed Natasha
  3147 | D:2      | Killed Natasha
  3148 | D:2      | Reached XP level 5. HP: 46/46 MP: 5/5
  3359 | D:3      | Reached skill level 6 in Fighting
  3575 | D:1      | Bought a +0 pair of gloves for 49 gold pieces
  3713 | D:4      | Found a staircase to the Ecumenical Temple.
  3728 | Temple   | Entered the Ecumenical Temple
  3839 | Temple   | Became a worshipper of Gozag Ym Sagoz the Greedy
  4108 | D:4      | Noticed a black bear
  4149 | D:4      | Killed a black bear
  4150 | D:4      | Reached skill level 7 in Fighting
  4150 | D:4      | Reached XP level 6. HP: 18/55 MP: 6/6
  4430 | D:5      | Entered Level 5 of the Dungeon
  4430 | D:5      | Noticed a steam dragon
  4629 | D:5      | Noticed Prince Ribbit
  4798 | D:6      | Reached skill level 8 in Fighting
  4798 | D:6      | Reached XP level 7. HP: 25/62 MP: 7/7
  4801 | D:6      | Slain by a gnoll sergeant

Illustrated notes

Levels and vault maps discovered:
D:1:      dpeg_arrival_simpleton_b, layout_basic, serial_shops, shop
D:2:      layout_loops_cross, serial_forest, infiniplex_forest_lined_ring,
          infiniplex_forest_pool, infiniplex_forest_clump_curved,
          infiniplex_forest_clump_tiny, infiniplex_forest_clump_small,
          infiniplex_forest_side_room, infiniplex_forest_clump_tiny,
          infiniplex_forest_clump_medium, hangedman_abyss_or_decor_stabs,
          uniq_natasha
D:3:      layout_basic, hangedman_decor_opposing
D:4:      minmay_goblin_kobold_castle, layout_basic,
          nicolae_overflow_quartered_altars, minmay_temple_entry_stoned_glass,
          dreamdust_gnoll_farm
D:5:      layout_cave_pods, minmay_misc_feat_square, uniq_prince_ribbit1
D:6:      layout_basic
Temple:   nicolae_temple_superstar

Skill      XL: |  1  2  3  4  5  6 |
---------------+-------------------+-----
Fighting       | 4 5 7 8 |  8.1
Polearms       | |  2.4
Dodging        | |  2.4
Stealth        | |  1.5

Action                   |  1- 3 |  4- 6 |  7- 9 || total
-------------------------+-------+-------+-------++-------
Melee: Spear             |   123 |       |       ||   123
       Punch             |     1 |       |       ||     1
       Dire flail        |    25 |   114 |     4 ||   143
Throw: Boomerang         |       |     5 |       ||     5
  Use: Scroll            |     6 |     5 |       ||    11
 Stab: Sleeping          |     6 |       |       ||     6
Armor: Robe              |     4 |       |       ||     4
       Leather armour    |    13 |       |       ||    13
       Chain mail        |    23 |    80 |     5 ||   108
Dodge: Dodged            |   101 |    60 |     2 ||   163
